 Dungeon Crawl Stone Soup version 0.31-a0-232-gb1c03b2570 (webtiles) character file.

Game seed: 1210981725030931412

3882 protoss039 the Covert (level 10, -7/61 HPs)
             Began as a Vampire Enchanter on July 7, 2023.
             Was a Believer of Dithmenos.
             Killed by the air
             ... invoked by Gastronok
              (28 damage)
             ... on level 8 of the Dungeon.
             The game lasted 00:15:37 (6306 turns).

protoss039 the Covert (Vampire Enchanter)           Turns: 6306, Time: 00:15:38

Health: -7/61      AC:  5    Str:  7    XL:     10   Next: 0%
Magic:  3/17       EV: 17    Int: 18    God:    Dithmenos [**....]
Gold:   367        SH:  0    Dex: 25    Spells: 8/19 levels left

rFire   . . .        y - +2 dagger (venom)
rCold   + + .        (no shield)
rNeg    + + +        b - +0 robe
rPois   ∞            (no helmet)
rElec   .            v - +0 cloak
rCorr   .            s - +0 pair of gloves
SInv    +            p - +0 pair of boots
Will    +....        a - amulet of regeneration
Stlth   ++++++++     D - +6 ring of dexterity
HPRegen 0.00/turn    (no ring)
MPRegen 0.15/turn

%: no passive effects
@: bloodless, inhibited regen, slowed, wreathed by umbra, invisible, very slow
A: bloodless, fangs 3, see invisible, vampiric 2
a: Bat Form, Revivify, Renounce Religion, Shadow Step


You were on level 8 of the Dungeon.
You worshipped Dithmenos.
Dithmenos was pleased with you.
You visited 2 branches of the dungeon, and saw 9 of its levels.

You collected 367 gold pieces.

Inventory:

Hand Weapons
 q - a +1 trident of pain
 y - a +2 dagger of venom (weapon)
Missiles
 x - 3 datura-tipped darts
 z - 4 atropa-tipped darts
Armour
 b - a +0 robe (worn)
 p - a +0 pair of boots (worn)
 r - a +3 ring mail
 s - a +0 pair of gloves (worn)
 v - a +0 cloak (worn)
 E - +0 acid dragon scales
Jewellery
 a - an amulet of regeneration (around neck)
 h - an amulet of the acrobat
 w - an amulet of guardian spirit
 D - a +6 ring of dexterity (left hand)
Wands
 g - a wand of iceblast (2)
 m - a wand of paralysis (6)
 t - a wand of digging (8)
 A - a wand of flame (50)
Scrolls
 i - 3 scrolls of silence {unknown}
 j - 2 scrolls of immolation
 k - 2 scrolls of poison {unknown}
 l - 4 scrolls of teleportation
 n - a scroll of torment {unknown}
 o - 3 scrolls of enchant armour
 u - 2 scrolls of fog {unknown}
Potions
 c - 2 potions of invisibility
 d - a potion of enlightenment
 e - a potion of haste
 f - 3 potions of curing
 B - a potion of mutation {unknown}
 C - a potion of magic


   Skills:
 * Level 6.4 Fighting
 + Level 2.7 Short Blades
 + Level 6.2 Dodging
 + Level 9.3 Stealth
 + Level 5.1 Spellcasting
 - Level 6.0 Hexes
 - Level 3.0 Ice Magic
 * Level 5.1 Invocations
 - Level 3.0 Evocations


You had 8 spell levels left.
You knew the following spells:

 Your Spells              Type           Power      Damage    Failure   Level
a - Ensorcelled Hibernat  Hex/Ice        40%        N/A       3%          2
b - Confusing Touch       Hex            26%        N/A       3%          3
c - Tukima's Dance        Hex            26%        N/A       3%          3
d - Dazzling Flash        Conj/Hex       30%        N/A       12%         3

Your spell library contained the following spells:

 Spells                   Type           Power      Damage    Failure   Level
 Gell's Gravitas          Tloc           4%         N/A       36%         3
 Teleport Other           Tloc           4%         N/A       36%         3
 Silence                  Hex/Air        7%         N/A       71%         5
 Passage of Golubria      Tloc           4%         N/A       78%         4
 Dispersal                Tloc           2%         N/A       100%        6
 Lehudib's Crystal Spear  Conj/Erth      2%         10d2      100%        8


Dungeon Overview and Level Annotations

Branches:
Dungeon (8/15) Zot: 26691  Temple (1/1) D:5 Zot: 5798
   Lair: D:8-11

Altars:
Ashenzari
Cheibriados
Dithmenos
Fedhas
Gozag
Hepliaklqana
Kikubaaqudgha
Makhleb
Okawaru
Qazlal
Ru
Sif Muna
Uskayaw
Wu Jian
Xom
Yredelemnul

Shops:
D:7 :   D:8 [

Annotations:
D:4 2 runed translucent doors, KimchiStew's ghost, amateur MfBr
D:8 Gastronok


Innate Abilities, Weirdness & Mutations

You do not regenerate when monsters are visible.
You are frail without blood (-20% HP).
You can heal yourself when you bite living creatures.
You are immune to poison.
You have razor-sharp teeth.
You have supernaturally acute eyesight. (SInv)
You are afflicted with vampirism and can become a bat while bloodless.


Message History

Unknown command.
Reach: q) +1 trident (pain)
Press: ? - help, Dir - move target, f/p - Gastronok
Aim: Gastronok, wearing a +2 hat of see invisible (covering ground quickly, chance to confuse on hit: 12%, umbra, about 6% to evade your +1 trident of pain)
You hit Gastronok but do no damage. You punch Gastronok, but do no damage.
The quokka closely misses you. x2; The quokka completely misses you.
The quokka closely misses you. Gastronok bites you!!
Unknown command.
Unknown command.
Reach: q) +1 trident (pain)
Press: ? - help, Dir - move target, f/p - Gastronok
Aim: Gastronok, wearing a +2 hat of see invisible (covering ground quickly, chance to confuse on hit: 12%, umbra, about 6% to evade your +1 trident of pain)
You hit Gastronok but do no damage. The quokka closely misses you.
The quokka barely misses you. The quokka closely misses you.
The quokka misses you.
You take on a slight green cast.
The quokka closely misses you. The quokka barely misses you.
Unknown command.
The quokka misses you. The quokka closely misses you. The quokka bites you.
Unknown command.
Okay, then.
Your +2 dagger of venom begins to drip with poison!
y - a +2 dagger of venom (weapon)
Unknown command.
You fade into invisibility!
The quokka completely misses you. The quokka closely misses you. x3
Unknown command.
Unknown command.
Unknown command.
Unknown command.
You strike the helpless quokka from behind!
You hit the quokka but do no damage.
The quokka appears confused.
The quokka misses you. x2; The quokka completely misses you.
The quokka bites itself but does no damage.
The quokka closely misses you.
Unknown command.
Unknown command.
Gastronok waves his eye-stalks in wide circles.
The air twists around and strikes you!!
You die...

. ...........#......# .#
.........##.#........
..#####....................
.............#.........####
.............##.......##.
##............##.........
.............####.###....
......)............# ...
..............#.@..#
.........)..)####r##
.#..............)r#####..
#.............)#w.......
...#...........##........
...#...........##........
###.......!....†.........
#......................
#../......#........∩...


You could see Gastronok (swift) and 2 quokkas.

Vanquished Creatures
  A two-headed ogre (D:8)
  Maggie (D:8)
  3 wyverns
  Duvessa (D:6)
  A water moccasin (D:6)
  An orc warrior (D:7)
  An ice beast (D:5)
  An ogre (D:5)
  2 phantoms
  2 kobold brigands
  A bullfrog (D:7)
  2 scorpions
  4 wights
  Dowan (D:6)
  5 killer bees (D:5)
  8 howler monkeys
  3 electric eels (D:7)
  3 hounds
  4 orc priests
  3 jellies
  4 iguanas
  A sleepcap (D:5)
  8 orc wizards
  3 adders
  A shadow imp (D:5)
  2 ufetubi (D:6)
  2 worms
  3 dart slugs
  22 orcs
  4 bats
  7 endoplasms
  2 giant cockroaches
  5 goblins
  4 hobgoblins
  3 jackals (D:3)
  4 quokkas
  2 ball pythons (D:4)
  2 frilled lizards (D:2)
  13 kobolds
  3 rats
143 creatures vanquished.

Vanquished Creatures (others)
  A dancing weapon (D:8)
  An orc (D:7)
  A kobold (D:8)
3 creatures vanquished.

Grand Total: 146 creatures vanquished

Notes
Turn   | Place    | Note
-------+----------+-------------------------------------------
     0 | D:1      | protoss039 the Vampire Enchanter began the quest for the
                  | Orb.
     0 | D:1      | Reached XP level 1. HP: 13/13 MP: 3/3
   225 | D:1      | Found a faded altar of an unknown god.
   461 | D:1      | Reached XP level 2. HP: 19/19 MP: 5/5
   464 | D:1      | Learned a level 2 spell: Ensorcelled Hibernation
   744 | D:2      | Gained mutation: You are afflicted with vampirism and can
                  | become a bat while bloodless. [Vampire growth]
   744 | D:2      | Reached XP level 3. HP: 19/19 MP: 6/6
  1132 | D:2      | Learned a level 3 spell: Confusing Touch
  1183 | D:3      | Found an iron altar of Okawaru.
  1247 | D:3      | Found a sacrificial altar of Ru.
  1460 | D:3      | Reached skill level 1 in Fighting
  1460 | D:3      | Reached skill level 5 in Stealth
  1460 | D:3      | Reached XP level 4. HP: 25/25 MP: 2/7
  1476 | D:3      | Reached skill level 5 in Hexes
  1989 | D:3      | Learned a level 3 spell: Tukima's Dance
  2175 | D:4      | Reached skill level 1 in Ice Magic
  2175 | D:4      | Reached XP level 5. HP: 30/30 MP: 6/9
  2197 | D:4      | Found a large runed translucent door.
  2198 | D:4      | Found a large runed translucent door.
  2199 | D:4      | Noticed KimchiStew's ghost (amateur MfBr)
  2869 | D:4      | Reached XP level 6. HP: 13/35 MP: 2/10
  3026 | D:4      | Learned a level 3 spell: Dazzling Flash
  3040 | D:5      | Entered Level 5 of the Dungeon
  3072 | D:5      | Found an opulent altar of Gozag.
  3072 | D:5      | Found a burning altar of Makhleb.
  3110 | D:5      | Reached skill level 6 in Stealth
  3195 | D:5      | Reached XP level 7. HP: 41/41 MP: 11/11
  3264 | D:5      | Found a shimmering blue altar of Sif Muna.
  3393 | D:5      | Found a staircase to the Ecumenical Temple.
  3433 | Temple   | Entered the Ecumenical Temple
  3608 | Temple   | Became a worshipper of Dithmenos the Shadowed
  3833 | D:5      | Reached skill level 1 in Invocations
  3991 | D:5      | Reached skill level 7 in Stealth
  3991 | D:5      | Reached XP level 8. HP: 43/48 MP: 8/13
  4188 | D:6      | Reached skill level 1 in Evocations
  4392 | D:6      | Found a broken altar of Ashenzari.
  4674 | D:6      | Noticed Duvessa
  4674 | D:6      | Noticed Dowan
  4683 | D:6      | Killed Duvessa
  4685 | D:6      | Killed Dowan
  5128 | D:6      | Reached * piety under Dithmenos
  5265 | D:7      | Reached skill level 5 in Dodging
  5344 | D:7      | Reached skill level 5 in Fighting
  5347 | D:7      | Reached skill level 8 in Stealth
  5376 | D:7      | Reached XP level 9. HP: 54/54 MP: 6/15
  5468 | D:7      | Found a stormy altar of Qazlal.
  5679 | D:7      | Found Femnuac's Book Emporium.
  6050 | D:8      | Noticed Maggie
  6065 | D:8      | Killed Maggie
  6239 | D:8      | Found Nyavull's Antique Armour Boutique.
  6239 | D:8      | Noticed a two-headed ogre
  6257 | D:8      | Killed a two-headed ogre
  6257 | D:8      | Reached ** piety under Dithmenos
  6258 | D:8      | Reached skill level 9 in Stealth
  6258 | D:8      | Reached skill level 5 in Spellcasting
  6258 | D:8      | Reached skill level 5 in Invocations
  6271 | D:8      | Reached XP level 10. HP: 44/61 MP: 2/17
  6283 | D:8      | Noticed Gastronok
  6306 | D:8      | Killed from afar by Gastronok

Illustrated notes

Levels and vault maps discovered:
D:1:      eino_arrival_druids_welcome, layout_rooms,
          chequers_ecumenical_altar_simple_redux
D:2:      layout_rooms, kennysheep_nondescript
D:3:      layout_basic, lemuel_tele_altar, mainiacjoe_overflow_surrounded_room
D:4:      layout_basic, ebering_ghost_disaster_area
D:5:      layout_basic, general_overflow_altar,
          gammafunk_temple_overflow_elements, minmay_temple_entry_hall,
          reono_crystal_passage
D:6:      nicolae_BIG_FREAKIN_CUBE, layout_basic, elyvilon_altar_5,
          lemuel_round_altar, minivault_23, uniq_duvessa
D:7:      layout_rooms, serial_bayou, serial_bayou_pond_a,
          serial_bayou_lagoon_b, serial_bayou_shore_a, serial_bayou_pond_d,
          hangedman_feature_mirror, nicolae_inconvenience_store
D:8:      layout_cave_pools, mainiacjoe_overflow_concentric_impassable,
          serial_shops, shop, minmay_fountain_box, uniq_maggie, uniq_gastronok
Temple:   grunt_temple_mini_profane

Skill      XL: |  1  2  3  4  5  6  7  8  9 |
---------------+----------------------------+-----
Fighting       | 1 2 3 4 5 6 |  6.4
Short Blades   | 2 |  2.7
Stealth        | 5 6 7 8 9 |  9.3
Hexes          | 5 6 |  6.0
Dodging        | 3 4 5 6 |  6.2
Ice Magic      | 1 2 3 |  3.0
Spellcasting   | 3 4 5 |  5.1
Invocations    | 1 3 5 |  5.1
Evocations     | 2 3 |  3.0

Action                     |  1- 3 |  4- 6 |  7- 9 | 10-12 || total
---------------------------+-------+-------+-------+-------++-------
  Melee: Dagger            |    55 |    63 |   153 |     7 ||   278
         Bite              |     2 |     3 |    18 |     3 ||    26
         Trident           |       |     8 |     3 |     7 ||    18
         Punch             |       |     1 |     3 |     1 ||     5
   Cast: Ensorcelled Hiber |    11 |    18 |    56 |       ||    85
         Confusing Touch   |       |     1 |     8 |     2 ||    11
         Tukima's Dance    |       |       |     3 |       ||     3
         Dazzling Flash    |       |       |     1 |       ||     1
Ability: Exsanguinate      |     1 |       |       |       ||     1
  Evoke: Wand              |       |       |     1 |     1 ||     2
    Use: Potion            |       |     2 |     1 |     1 ||     4
         Scroll            |       |     7 |     5 |       ||    12
   Stab: Sleeping          |    27 |    25 |    54 |       ||   106
         Invisible         |       |     1 |     1 |     1 ||     3
         Confused          |       |     2 |     5 |       ||     7
         Paralysed         |       |       |     2 |       ||     2
 Armour: Robe              |     7 |    10 |    28 |     1 ||    46
  Dodge: Dodged            |    32 |    34 |   142 |    30 ||   238

Table legend: (Time is in decaauts)
 A = Elapsed time spent in this place.
 B = Non-inter-level travel time spent in this place.
 C = Inter-level travel time spent in this place.
 D = Time resting spent in this place.
 E = Time spent auto-exploring this place.
 F = Levels seen in this place.
 G = Mean time per level.
                   A        B        C        D        E       F      G
               +--------+--------+--------+--------+--------+-----+--------+
         Total |   6294 |   5893 |    401 |    491 |   4149 |   9 |  699.3 |
       Dungeon |   6092 |   5737 |    355 |    491 |   4000 |   8 |  761.5 |
        Temple |    201 |    155 |     46 |      0 |    149 |   1 |  201.0 |
               +--------+--------+--------+--------+--------+-----+--------+

Top non-repeatable levels by time:
     D:6: 1126 daAuts
     D:4: 1044 daAuts
     D:5: 880 daAuts
     D:3: 856 daAuts
     D:7: 745 daAuts
     D:2: 645 daAuts
     D:1: 487 daAuts
     D:8: 307 daAuts
  Temple: 201 daAuts
